 Dungeon Crawl Stone Soup version 0.17-a0-1996-gd2c0ec8 (webtiles) character file.

3347 graki42 the Thaumaturge (level 9, -11/55 HPs)
             Began as a Deep Elf Fire Elementalist on Oct 7, 2015.
             Was a Priest of Vehumet.
             Killed themself with a badly aimed fireball (23 damage)
             ... on level 11 of the Dungeon.
             The game lasted 00:37:19 (6820 turns).

graki42 the Thaumaturge (DEFE)                      Turns: 6820, Time: 00:37:19

Health: -11/55     AC:  5    Str:  8    XL:     9   Next: 72%
Magic:  20/25      EV: 13    Int: 21    God:    Vehumet [***...]
Gold:   372        SH:  0    Dex: 15    Spells: 6 memorised, 9 levels left

rFire  . . .     SeeInvis .     l - +1 dagger (venom)
rCold  . . .     Clarity  .     y - +0 robe
rNeg   . . .     SustAt   +     (no shield)
rPois  .         Gourm    .     (helmet restricted)
rElec  .         Spirit   .     (no cloak)
rCorr  .         Warding  .     o - +0 pair of gloves (curse)
rMut   .         Stasis   .     A - +0 pair of boots
MR     .....                    (no amulet)
Stlth  ++........               v - ring of sustain attributes
                                h - +1 ring of protection (curse)

@: about to teleport, very slightly contaminated, hasted, very quick, not
resistant to hostile enchantments, unstealthy
A: beak
a: Renounce Religion


You were on level 11 of the Dungeon.
You worshipped Vehumet.
Vehumet was most pleased with you.
You were very hungry.

You visited 2 branches of the dungeon, and saw 10 of its levels.

You collected 372 gold pieces.

Inventory:

Hand Weapons
 l - a +1 dagger of venom (weapon)
Armour
 o - a cursed +0 pair of gloves (worn)
 y - a +0 robe (worn)
 A - a +0 pair of boots (worn)
Jewellery
 h - a cursed +1 ring of protection (left hand)
 v - a ring of sustain attributes (right hand)
Wands
 s - a wand of disintegration (16)
 u - a wand of random effects (37)
Scrolls
 d - 2 scrolls of identify
 e - 6 scrolls of remove curse {unknown}
 j - 8 scrolls of amnesia {unknown}
 k - 2 scrolls of teleportation
 m - 3 scrolls of immolation {unknown}
 C - a scroll of brand weapon {unknown}
Potions
 f - a potion of agility
 g - 3 potions of curing
 p - a potion of mutation
 q - a potion of lignification
 r - 2 potions of haste
 t - a potion of magic
 x - a potion of berserk rage
 z - a potion of cure mutation
Books
 b - a book of Flames

   Spells                             Type                      Level
   a - Flame Tongue                   Conjuration/Fire             1
   b - Throw Flame                    Conjuration/Fire             2
   c - Conjure Flame                  Conjuration/Fire             3
   d - Inner Flame                    Hexes/Fire                   3
   e - Sticky Flame                   Conjuration/Fire             4
   f - Fireball                       Conjuration/Fire             5
Comestibles
 a - a beef jerky
 c - 11 bread rations
 i - 3 slices of pizza
 B - a meat ration


   Skills:
 - Level 6.2 Fighting
 + Level 0.4 Short Blades
 - Level 3.0 Dodging
 - Level 3.0 Stealth
 + Level 10.4 Spellcasting
 + Level 7.8 Conjurations
 + Level 2.7 Hexes
 + Level 9.3 Fire Magic
 + Level 0.7 Earth Magic


You had 9 spell levels left.
You knew the following spells:

 Your Spells              Type           Power        Failure   Level  Hunger
a - Flame Tongue          Conj/Fire      #####        1%          1    None
b - Conjure Flame         Conj/Fire      #####...     1%          3    None
c - Inner Flame           Hex/Fire       #####...     1%          3    None
d - Sticky Flame          Conj/Fire      #####...     1%          4    ##.....
e - Fireball              Conj/Fire      #####.....   1%          5    ####...
f - Stone Arrow           Conj/Erth      ####..       1%          3    None


Dungeon Overview and Level Annotations

Branches:
Dungeon (11/15)            Temple (1/1) D:4
   Lair: D:8-11         Orc: D:9-12

Altars:
Ashenzari
Elyvilon
Makhleb
Sif Muna
Trog
Vehumet
Xom
Yredelemnul

Annotations:
D:6 Yermak's ghost, novice OpAs


Innate Abilities, Weirdness & Mutations

You have a beak for a mouth.


Message History

Your wand of random effects glows for a moment.
Something hits you but does no damage.
Read which item? (? for menu, Esc to quit)
As you read the scroll labeled HOYWNI YRHU, it crumbles to dust.
You feel strangely unstable.
It was a scroll of teleportation.
Something hits you.
* * * LOW HITPOINT WARNING * * *
Drink which item? (? for menu, Esc to quit)
You feel much better. Something hits you. Something hits you.
The shadow strikes at you from the darkness!
* * * LOW HITPOINT WARNING * * *
Reactivating autopickup.
Casting: Sticky Flame
Confirm with . or Enter, or press ? or * to list all spells.
Aiming: Fireball
Press: ? - help, Shift-Dir - straight line, f - troll
Aim: a troll The fireball explodes!
The fireball engulfs something.
The fireball engulfs you!
You die...

#........# #........#
#........######..
.................
.................
######..........
#..........
###########W.#.......
.......@.To..#.......
........Wl...#.......
.............#.......
.##########..#:......
#..# #.... ######


You could see an orc knight, a troll, a wraith, a wyvern and a shadow.

Vanquished Creatures
  Pikel (D:4)
  Sigmund (D:5)
  A spriggan (D:7)
  Eustachio (D:5)
  A hungry ghost (D:7)
  A hippogriff (D:7)
  Menkaure (D:5)
  An ice beast (D:7)
  Duvessa (D:4)
  A sky beast (D:6)
  An orc warrior (D:7)
  2 ogres (D:6)
  A phantom (D:7)
  3 centaurs (D:6)
  2 slaves (D:4)
  A necrophage (D:4)
  A giant frog (D:3)
  Dowan (D:4)
  3 scorpions
  3 crimson imps
  A quasit (D:7)
  4 wights (D:7)
  A jelly (D:5)
  An orc wizard (D:6)
  2 giant frog skeletons
  4 worker ants
  An iguana (D:4)
  A hound zombie (D:7)
  A hound skeleton (D:4)
  Robin (D:3)
  8 adders
  2 shadow imps (D:5)
  2 oozes
  3 worms
  4 giant geckos
  18 orcs
  8 giant cockroaches
  6 hobgoblins
  5 quokkas
  2 ball pythons (D:6)
  4 bats
  3 giant newts
  16 goblins
  9 kobolds
  6 rats
141 creatures vanquished.

Vanquished Creatures (others)
  A giant cockroach (D:4)
  A giant gecko skeleton (D:4)
2 creatures vanquished.

Grand Total: 143 creatures vanquished

Notes
Turn   | Place    | Note
--------------------------------------------------------------
     0 | D:1      | graki42 the Deep Elf Fire Elementalist began the quest for the Orb.
     0 | D:1      | Reached XP level 1. HP: 10/10 MP: 6/6
   338 | D:1      | Reached XP level 2. HP: 15/15 MP: 5/8
   654 | D:2      | Found a shattered altar of Ashenzari.
  1049 | D:2      | Reached XP level 3. HP: 19/19 MP: 5/9
  1192 | D:2      | Reached skill level 4 in Fire Magic
  1296 | D:2      | Learned a level 3 spell: Conjure Flame
  1300 | D:2      | Learned a level 3 spell: Inner Flame
  1798 | D:2      | Found a basalt altar of Yredelemnul.
  1798 | D:2      | Found a radiant altar of Vehumet.
  1802 | D:2      | Found a white marble altar of Elyvilon.
  1812 | D:2      | Became a worshipper of Vehumet
  2004 | D:3      | Found a bloodstained altar of Trog.
  2164 | D:3      | Reached XP level 4. HP: 20/24 MP: 9/11
  2180 | D:3      | Reached skill level 5 in Fighting
  2180 | D:3      | Reached skill level 7 in Spellcasting
  2180 | D:3      | Reached skill level 5 in Conjurations
  2180 | D:3      | Reached XP level 5. HP: 19/36 MP: 4/17
  2260 | D:3      | Learned a level 4 spell: Sticky Flame
  2266 | D:3      | Learned a level 5 spell: Fireball
  2303 | D:3      | Noticed Robin
  2308 | D:3      | Killed Robin
  2318 | D:3      | Acquired Vehumet's first power
  2318 | D:3      | Offered knowledge of Sting by Vehumet.
  2429 | D:3      | Noticed a giant frog
  2447 | D:3      | Killed a giant frog
  2741 | D:3      | Found a shimmering altar of Xom.
  2741 | D:3      | Found a burning altar of Makhleb.
  3127 | D:4      | Noticed Pikel
  3127 | D:4      | Noticed a slave
  3127 | D:4      | Noticed a slave
  3127 | D:4      | Noticed Dowan
  3128 | D:4      | Noticed a slave
  3131 | D:4      | Noticed Duvessa
  3137 | D:4      | Killed a slave
  3137 | D:4      | Killed Dowan
  3137 | D:4      | Reached XP level 6. HP: 31/41 MP: 2/18
  3137 | D:4      | Killed a slave
  3137 | D:4      | Killed Pikel
  3137 | D:4      | Reached skill level 8 in Spellcasting
  3137 | D:4      | Reached skill level 1 in Hexes
  3137 | D:4      | Reached XP level 7. HP: 34/46 MP: 2/21
  3137 | D:4      | Killed Duvessa
  3166 | D:4      | Noticed a freed slave
  3240 | D:4      | Found a staircase to the Ecumenical Temple.
  3306 | Temple   | Entered the Ecumenical Temple
  3435 | D:4      | Noticed a necrophage
  3441 | D:4      | Killed a necrophage
  3462 | D:4      | Reached XP level 8. HP: 48/51 MP: 22/22
  3662 | D:4      | Found a shattered altar of Ashenzari.
  3952 | D:5      | Entered Level 5 of the Dungeon
  3986 | D:5      | Noticed Sigmund
  3990 | D:5      | Killed Sigmund
  3990 | D:5      | Reached skill level 9 in Spellcasting
  4112 | D:5      | Noticed Eustachio
  4162 | D:5      | Killed Eustachio
  4359 | D:5      | Noticed Menkaure
  4363 | D:5      | Killed Menkaure
  4490 | D:5      | Offered knowledge of Shock by Vehumet.
  4820 | D:6      | Found a white marble altar of Elyvilon.
  5199 | D:6      | Reached XP level 9. HP: 55/55 MP: 10/24
  5218 | D:6      | Noticed Yermak's ghost (novice OpAs)
  5498 | D:7      | Offered knowledge of Stone Arrow by Vehumet.
  5503 | D:7      | Learned a level 3 spell: Stone Arrow
  5796 | D:7      | Reached skill level 10 in Spellcasting
  6322 | D:6      | Found a deep blue altar of Sif Muna.
  6453 | D:6      | Acquired Vehumet's second power
  6723 | D:7      | Gained mutation: You have a beak for a mouth. [potion of beneficial mutation]
  6807 | D:8      | You fall through a shaft for 3 floors!
  6807 | D:11     | Noticed an orc knight
  6820 | D:11     | Killed themself with a badly aimed fireball

Vault maps used:
D:1:      tarquinn_simple_flora_water_b, minmay_liquid_box
D:2:      minitemple, lemuel_crystal_altar, grunt_ministairs_2, wad_orctagon
D:3:      grunt_temple_overflow_champion_of_chaos, bloody_trog, first_bread,
          uniq_robin
D:4:      minmay_temple_entry_trees, cheibrodos_ashenzari_chains, uniq_pikel,
          uniq_duvessa
D:5:      uniq_sigmund, uniq_eustachio, uniq_menkaure
D:6:      lemuel_crystal_altar, basic_altar
D:7:      the_bakery
D:8:      cheibriados_altar_wand_db, serial_shops, nicolae_shop_stone,
          roderic_batcave, minivault_22, uniq_erica, uniq_prince_ribbit1,
          uniq_gastronok
D:11:     minmay_cut_squares, uniq_maurice, uniq_josephine
Temple:   corrupted_temple

Action                   |  1- 3 |  4- 6 |  7- 9 || total
-------------------------+-------+-------+-------++-------
Melee: Dagger            |       |     7 |    45 ||    52
       Short sword       |       |     5 |       ||     5
 Cast: Flame Tongue      |    70 |    33 |    92 ||   195
       Conjure Flame     |     2 |     2 |     2 ||     6
       Inner Flame       |       |     8 |     7 ||    15
       Sticky Flame      |       |       |    14 ||    14
       Fireball          |       |       |    17 ||    17
       Stone Arrow       |       |       |    20 ||    20
  Use: Scroll            |       |     7 |     8 ||    15
       Potion            |       |     1 |     3 ||     4
  Eat: Chunk             |     4 |     2 |    16 ||    22
